Workbook

Sheet Memória
A1: Memória de Cálculo - Ampliação e reforma UBS
A2: Edificação (Anexo)
A3: Fundação
A4: Estacas
A5: N | B5: DN | C5: Prof. (m) | D5: Escavação (m³) | E5: Lastro (m³) | F5: Concreto (m³) | G5: Aço (kg)
A6: 80 | B6: 0.2 | C6: 3 | D6: =A6*(PI()*(B6^2)/4)*C6 -> 7.5398224 | E6: =A6*(PI()*(B6^2)/4)*0.05 -> 0.12566371 | F6: =D6 -> 7.5398224 | G6: =F6*80 -> 603.18579
A7: Blocos
A8: N | B8: B (m) | C8: L(m) | D8: H (m) | E8: Escavação (m³) | F8: Lastro (m³) | G8: Forma (m²) | H8: Concreto (m³) | I8: Aço (kg) | J8: Reaterro (m³)
A9: =A6 -> 80 | B9: 0.4 | C9: 0.4 | D9: 0.3 | E9: =A9*(B9+0.2)*(C9+0.2)*D9 -> 8.64 | F9: =A9*B9*C9*0.05 -> 0.64 | G9: =A9*4*B9*D9 -> 38.4 | H9: =A9*B9*C9*D9 -> 3.84 | I9: =H9*80 -> 307.2 | J9: =E9-H9 -> 4.8
A11: Cintas Inferiores
A12: N | B12: L (m) | C12: L total (m)
A13: 3 | B13: 7.85 | C13: =B13*A13 -> 23.55
A14: 1 | B14: 3.1 | C14: =B14*A14 -> 3.1
A15: 1 | B15: 4.75 | C15: =B15*A15 -> 4.75
A16: 1 | B16: 2.74 | C16: =B16*A16 -> 2.74
A17: 1 | B17: 5.69 | C17: =B17*A17 -> 5.69
A18: 1 | B18: 5.01 | C18: =B18*A18 -> 5.01
A19: 2 | B19: 1.85 | C19: =B19*A19 -> 3.7
A20: 1 | B20: 14.55 | C20: =B20*A20 -> 14.55
A21: 1 | B21: 4.6 | C21: =B21*A21 -> 4.6
A22: 1 | B22: 11.79 | C22: =B22*A22 -> 11.79
A23: 1 | B23: 16.32 | C23: =B23*A23 -> 16.32
A24: 1 | B24: 15.84 | C24: =B24*A24 -> 15.84
... A51: 2 | B51: 3.1 | C51: =B51*A51 -> 6.2
A52: Total | C52: =SUM(C13:C51) -> 309.75
A53: Cintas inferiores
A54: N | B54: B (m) | C54: L(m) | D54: H (m) | E54: Escavação (m³) | F54: Lastro (m³) | G54: Forma (m²) | H54: Concreto (m³) | I54: Aço (kg) | J54: Reaterro (m³)
A55: 1 | B55: 0.3 | C55: =C52 -> 309.75 | D55: 0.3 | E55: =A55*(B55+0.2)*(C55+0.2)*D55 -> 46.4925 | F55: =A55*B55*C55*0.05 -> 4.64625 | G55: =A55*2*C55*D55 -> 185.85 | H55: =A55*B55*C55*D55 -> 27.8775 | I55: =H55*80 -> 2230.2 | J55: =E55-H55 -> 18.615
A57: Impermeabilização
B58: A (m²)
A59: Blocos | B59: =C9*A9*D9*2+A9*2*B9*D9 -> 38.4
A60: Cinta inf. | B60: =C55*D55*2+B55*C55 -> 278.775
A61: Total | B61: =B59+B60 -> 317.175
A62: Pilares
A63: N | B63: B (m) | C63: L(m) | D63: H (m) | E63: Forma (m²) | F63: Concreto (m³) | G63: Aço (kg)
A64: =A6 -> 80 | B64: 0.2 | C64: 0.2 | D64: 3 | E64: =A64*(2*B64*D64+2*C64*D64) -> 192 | F64: =A64*B64*C64*D64 -> 9.6 | G64: =F64*80 -> 768
A65: Cintas superiores
A66: N | B66: B (m) | C66: L(m) | D66: H (m) | E66: Forma (m²) | F66: Concreto (m³) | G66: Aço (kg)
A67: 1 | B67: 0.2 | C67: =C55 -> 309.75 | D67: 0.2 | E67: =A67*(2*C67*D67+1*B67*C67) -> 185.85 | F67: =A67*B67*C67*D67 -> 12.39 | G67: =F67*80 -> 991.2
A68: Laje
A69: Pré-moldada
A70: Vão (m) | B70: L (m) | C70: A (m²)
A71: 3.1 | B71: 5.45 | C71: =B71*A71 -> 16.895 | E71: Vão até 3m | F71: =C71+C72+C74+C75+C80+C82+C89+C96 -> 145.4638 | G71: m²
A72: 3.1 | B72: 4.73 | C72: =B72*A72 -> 14.663 | E72: Vão até 4m | F72: =C97-F71 -> 214.8079 | G72: m²
A73: 2.55 | B73: 4.75 | C73: =B73*A73 -> 12.1125
A74: 3.5 | B74: 4.75 | C74: =B74*A74 -> 16.625
A75: 3.1 | B75: 4.75 | C75: =B75*A75 -> 14.725
A76: 1.91 | B76: 4.75 | C76: =B76*A76 -> 9.0725
A77: 2.84 | B77: 3.1 | C77: =B77*A77 -> 8.804
A78: 2.74 | B78: 5.45 | C78: =B78*A78 -> 14.933
A79: 1.95 | B79: 5.01 | C79: =B79*A79 -> 9.7695
A80: 3.6 | B80: 3.84 | C80: =B80*A80 -> 13.824
A81: 2.97 | B81: 3.59 | C81: =B81*A81 -> 10.6623
A82: 3.26 | B82: 11.79 | C82: =B82*A82 -> 38.4354
A83: 2.55 | B83: 11.79 | C83: =B83*A83 -> 30.0645
A84: 2.56 | B84: 4.6 | C84: =B84*A84 -> 11.776
... A96: 3.72 | B96: 4.97 | C96: =B96*A96 -> 18.4884
A97: Total | C97: =SUM(C71:C96) -> 360.2717
A98: Cimbramento (lajes pré-moldadas)
A99: A(m²) | B99: H (m) | C99: V (m³)
A100: =C97 -> 360.2717 | B100: 3 | C100: =B100*A100 -> 1080.8151
A102: Maciça
A103: N | B103: B (m) | C103: L(m) | D103: H (m) | E103: Forma (m²) | F103: Concreto (m³) | G103: Aço (kg) | H103: Area (m²)
A104: 1 | B104: 3.1 | C104: 2.4 | D104: 0.2 | E104: =A104*(2*C104*D104+1*B104*C104) -> 8.4 | F104: =A104*B104*C104*D104 -> 1.488 | G104: =F104*80 -> 119.04 | H104: =A104*B104*C104 -> 7.44
A105: 1 | B105: 1.37 | C105: 3.1 | D105: 0.2 | E105: =A105*(2*C105*D105+1*B105*C105) -> 5.487 | F105: =A105*B105*C105*D105 -> 0.8494 | G105: =F105*80 -> 67.952 | H105: =A105*B105*C105 -> 4.247
A106: 1 | B106: 1.85 | C106: 4.5 | D106: 0.2 | E106: =A106*(2*C106*D106+1*B106*C106) -> 10.125 | F106: =A106*B106*C106*D106 -> 1.665 | G106: =F106*80 -> 133.2 | H106: =A106*B106*C106 -> 8.325
A107: total | E107: =SUM(E104:E106) -> 24.012 | F107: =SUM(F104:F106) -> 4.0024 | G107: =SUM(G104:G106) -> 320.192 | H107: =SUM(H104:H106) -> 20.012
A108: Cimbramento (maciça)
A109: A(m²) | B109: H (m) | C109: V (m³)
A110: =H107 -> 20.012 | B110: 3 | C110: =B110*A110 -> 60.036
A112: Alvenaria
A113: L(m) | B113: N | C113: L (total)
A114: 7.98 | B114: 1 | C114: =B114*A114 -> 7.98
A115: 2 | B115: 1 | C115: =B115*A115 -> 2
A116: 5.6 | B116: 1 | C116: =B116*A116 -> 5.6
A117: 3.25 | B117: 1 | C117: =B117*A117 -> 3.25
A118: 4.91 | B118: 1 | C118: =B118*A118 -> 4.91
A119: 8.01 | B119: 1 | C119: =B119*A119 -> 8.01
A120: 2.9 | B120: 1 | C120: =B120*A120 -> 2.9
A121: 5.16 | B121: 1 | C121: =B121*A121 -> 5.16
A122: 2.85 | B122: 1 | C122: =B122*A122 -> 2.85
A123: 2 | B123: 1 | C123: =B123*A123 -> 2
A124: 2 | B124: 1 | C124: =B124*A124 -> 2
A125: 11.94 | B125: 1 | C125: =B125*A125 -> 11.94
... A158: 10.26 | B158: 1 | C158: =B158*A158 -> 10.26
A159: Total | C159: =SUM(C114:C158) -> 246.18
A160: 1.6 | B160: 1 | C160: =B160*A160 -> 1.6 | D160: Platibanda
A161: 3.87 | B161: 1 | C161: =B161*A161 -> 3.87 | D161: 2.1
A162: 4.31 | B162: 1 | C162: =B162*A162 -> 4.31 | D162: 2.1
A163: 3.75 | B163: 1 | C163: =B163*A163 -> 3.75 | D163: 2.1
A164: 1.22 | B164: 1 | C164: =B164*A164 -> 1.22 | D164: 2.1
A165: 5.52 | B165: 1 | C165: =B165*A165 -> 5.52 | D165: 2.1
A166: 5.31 | B166: 1 | C166: =B166*A166 -> 5.31
A167: 1.5 | B167: 1 | C167: =B167*A167 -> 1.5
A168: 5.41 | B168: 1 | C168: =B168*A168 -> 5.41
A169: 3.85 | B169: 1 | C169: =B169*A169 -> 3.85 | D169: 2.1
A170: 4.65 | B170: 1 | C170: =B170*A170 -> 4.65 | D170: 2.1
A171: 2.5 | B171: 1 | C171: =B171*A171 -> 2.5 | D171: 2.1
A172: 14.4 | B172: 1 | C172: =B172*A172 -> 14.4
A173: 1.26 | B173: 1 | C173: =B173*A173 -> 1.26
...

Sheet Orçamento202411
A1: PREFEITURA MUNICIPAL DE QUELUZITO
A2: PLANILHA ORÇAMENTÁRIA
A3: REFORMA E AMPLIAÇÃO DA UNIDADE BÁSICA DE SAÚDE
E5: PLANILHA SEINFRA - REGIÃO LESTE | H5: BDI | I5: =BDI!I24 -> 0.2895
E6: DATA BASE | G6: Julho/2024
A8: ITEM | B8: CÓDIGO | C8: FONTE | D8: DESCRIÇÃO | E8: UNID. | F8: QUANT. | G8: CUSTO UNITÁRIO | H8: PREÇO UNITÁRIO | I8: PREÇO TOTAL
A9: 1. | D9: SERVIÇOS PRELIMINARES | I9: =SUM(I10:I18) -> 210283.8
A10: 1.1 | B10: ED-28427 | C10: SETOP | D10: FORNECIMENTO E COLOCAÇÃO DE PLACA DE OBRA EM CHAPA GALVANIZADA #26, ESP. 0,45MM, DIMENSÃO (3X1,5)M, PLOTADA COM ADESIVO VINÍLICO, AFIXADA COM REBITES 4,8X40MM, EM ESTRUTURA METÁLICA DE METALON 20X20MM, ESP. 1,25MM, INCLUSIVE SUPORTE EM EUCALIPTO AUTOCLAVADO PINTADO COM TINTA PVA DUAS (2) DEMÃOS | E10: UNID. | F10: 1 | G10: 1330.56 | H10: =ROUND((G10*(1+$I$5)),2) -> 1715.76 | I10: =ROUND((H10*F10),2) -> 1715.76
A11: 1.2 | B11: ED-50393 | C11: SETOP | D11: MOBILIZAÇÃO E DESMOBILIZAÇÃO DE OBRA EM CENTRO URBANO OU REGIÃO LIMÍTROFE COM VALOR ENTRE 1.000.000,01 E 3.000.000,00 | E11: % | F11: 0.003 | G11: 2024215.7 | H11: =ROUND((G11*(1+$I$5)),2) -> 2610226.1 | I11: =ROUND((H11*F11),2) -> 7830.68
A12: 1.3 | B12: ED-29823 | C12: SETOP | D12: TAPUME FIXO DE PROTEÇÃO PARA FECHAMENTO DE OBRA EM TELHA METÁLICA GALVANIZADA, TIPO TRAPEZOIDAL, ESP. 0,5MM, COM MÓDULO NA DIMENSÃO DE (300X220)CM, COM REAPROVEITAMENTO, EXCLUSIVE PINTURA ESMALTE, INCLUSIVE PONTALETE E FIXAÇÃO | E12: M² | F12: 70 | G12: 52 | H12: =ROUND((G12*(1+$I$5)),2) -> 67.05 | I12: =ROUND((H12*F12),2) -> 4693.5
A13: 1.4 | B13: ED-50162 | C13: SETOP | D13: PORTÃO PARA TAPUME FIXO DE PROTEÇÃO COM FECHAMENTO DE OBRA EM CHAPA DE COMPENSADO, ESP. 12MM, COM MÓDULO NA DIMENSÃO DE (110X220)CM, INCLUSIVE FERRAGENS E PINTURA LÁTEX (PVA) COM DUAS (2) DEMÃOS | E13: M² | F13: 1 | G13: 143.3 | H13: =ROUND((G13*(1+$I$5)),2) -> 184.79 | I13: =ROUND((H13*F13),2) -> 184.79
A14: 1.5 | B14: ED-16342 | C14: SETOP | D14: LIGAÇÃO PROVISÓRIA DE ENERGIA ELÉTRICA PARA CONTAINER | E14: UNID. | F14: 1 | G14: 300.84 | H14: =ROUND((G14*(1+$I$5)),2) -> 387.93 | I14: =ROUND((H14*F14),2) -> 387.93
A15: 1.6 | B15: ED-50137 | C15: SETOP | D15: MOBILIZAÇÃO E DESMOBILIZAÇÃO DE CONTAINER, INCLUSIVE CARGA, DESCARGA E TRANSPORTE EM CAMINHÃO CARROCERIA COM GUINDAUTO (MUNCK), EXCLUSIVE LOCAÇÃO DO CONTAINER | E15: UNID. | F15: 1 | G15: 1579.7 | H15: =ROUND((G15*(1+$I$5)),2) -> 2037.02 | I15: =ROUND((H15*F15),2) -> 2037.02
A16: 1.7 | B16: ED-16348 | C16: SETOP | D16: LOCAÇÃO DE CONTAINER COM ISOLAMENTO TÉRMICO, TIPO 1, PARA ESCRITÓRIO DE OBRA, COM MEDIDAS REFERENCIAIS DE (6) METROS COMPRIMENTO, (2,3) METROS LARGURA E (2,5) METROS ALTURA ÚTIL INTERNA, INCLUSIVE AR CONDICIONADO E LIGAÇÕES ELÉTRICAS INTERNAS, EXCLUSIVE MOBILIZAÇÃO/ DESMOBILIZAÇÃO E LIGAÇÕES PROVISÓRIAS EXTERNAS | E16: MÊS | F16: 12 | G16: 1196.3 | H16: =ROUND((G16*(1+$I$5)),2) -> 1542.63 | I16: =ROUND((H16*F16),2) -> 18511.56
A17: 1.8 | B17: ED-50155 | C17: SETOP | D17: LOCAÇÃO DE BANHEIRO QUÍMICO, DIMENSÃO (110X120X230)CM, LINHA PADRÃO, CONTENDO UMA (1) PIA/HIGIENIZADOR DE MÃOS, INCLUSIVE MANUTENÇÃO E MOBILIZAÇÃO/DESMOBILIZAÇÃO | E17: MÊS | F17: 12 | G17: 900 | H17: =ROUND((G17*(1+$I$5)),2) -> 1160.55 | I17: =ROUND((H17*F17),2) -> 13926.6
A18: 1.9 | B18: CPU-01 | C18: CPU-01 | D18: ADMINISTRAÇÃO DE OBRA | E18: MÊS | F18: 12 | G18: =CPU!H9 -> 10404.29 | H18: =ROUND((G18*(1+$I$5)),2) -> 13416.33 | I18: =ROUND((H18*F18),2) -> 160995.96
A19: 2. | D19: AMPLIAÇÃO DA UBS | I19: =SUM(I20:I235) -> 1385198
A20: 2.1 | D20: LIMPEZA E DEMOLIÇÕES
A21: 2.1.1 | B21: ED-50703 | C21: SETOP | D21: LIMPEZA DE TERRENO, INCLUSIVE CAPINA, RASTELAMENTO COM AFASTAMENTO ATÉ VINTE (20) METROS E QUEIMA CONTROLADA | E21: M2 | F21: 400 | G21: 2.19 | H21: =ROUND((G21*(1+$I$5)),2) -> 2.82 | I21: =ROUND((H21*F21),2) -> 1128
A22: 2.1.2 | B22: ED-50697 | C22: SETOP | D22: CORTE DE ÁRVORE COM MOTOSSERRA, DIÂMETRO DO TRONCO DE QUINZE (15) CENTÍMETROS ATÉ TRINTA (30) CENTÍMETROS, EXCLUSIVE DESTOCAMENTO E AFASTAMENTO | E22: UNID. | F22: 10 | G22: 51.76 | H22: =ROUND((G22*(1+$I$5)),2) -> 66.74 | I22: =ROUND((H22*F22),2) -> 667.4
A23: 2.1.3 | B23: ED-51123 | C23: SETOP | D23: REGULARIZAÇÃO MANUAL E COMPACTAÇÃO MECANIZADA DE TERRENO COM PLACA VIBRATÓRIA, EXCLUSIVE DESMATAMENTO, DESTOCAMENTO, LIMPEZA/ROÇADA DO TERRENO | E23: M2 | F23: =F21 -> 400 | G23: 4.95 | H23: =ROUND((G23*(1+$I$5)),2) -> 6.38 | I23: =ROUND((H23*F23),2) -> 2552
A24: 2.1.4 | D24: DEMOLIÇÃO (ABRIGO DE RESÍDUOS) | G24: =ROUND((F24*(1+$I$5)),2) -> 0 | H24: =ROUND((G24*(1+$I$5)),2) -> 0 | I24: =ROUND((H24*F24),2) -> 0
A25: 2.1.4.1 | B25: ED-48435 | C25: SETOP | D25: DEMOLIÇÃO MANUAL DE ALVENARIA DE TIJOLO CERÂMICO OU BLOCO DE CONCRETO, INCLUSIVE AFASTAMENTO E EMPILHAMENTO, EXCLUSIVE TRANSPORTE E RETIRADA DO MATERIAL DEMOLIDO | E25: M3 | F25: =7*3*0.15 -> 3.15 | G25: 96.52 | H25: =ROUND((G25*(1+$I$5)),2) -> 124.46 | I25: =ROUND((H25*F25),2) -> 392.05
A26: 2.1.4.2 | B26: ED-48441 | C26: SETOP | D26: DEMOLIÇÃO MANUAL DE CONCRETO ARMADO, INCLUSIVE AFASTAMENTO E EMPILHAMENTO, EXCLUSIVE TRANSPORTE E RETIRADA DO MATERIAL DEMOLIDO | E26: M3 | F26: 1 | G26: 441.24 | H26: =ROUND((G26*(1+$I$5)),2) -> 568.98 | I26: =ROUND((H26*F26),2) -> 568.98
A27: 2.1.4.3 | B27: ED-48440 | C27: SETOP | D27: DEMOLIÇÃO MANUAL DE CONCRETO, SEM ARMAÇÃO, INCLUSIVE AFASTAMENTO E EMPILHAMENTO, EXCLUSIVE TRANSPORTE E RETIRADA DO MATERIAL DEMOLIDO | E27: M3 | F27: =7*1.5*0.1 -> 1.05 | G27: 267.42 | H27: =ROUND((G27*(1+$I$5)),2) -> 344.84 | I27: =ROUND((H27*F27),2) -> 362.08
A28: 2.1.4.4 | B28: ED-51134 | C28: SETOP | D28: TRANSPORTE DE MATERIAL DE QUALQUER NATUREZA COM CARRINHO DE MÃO, COM DISTÂNCIAS MAIORES QUE 50M E MENORES OU IGUAIS A 100M, INCLUSIVE CARGA/DESGARGA | E28: M3 | F28: =F27+F26+F25+F21*0.2 -> 85.2 | G28: 36.73 | H28: =ROUND((G28*(1+$I$5)),2) -> 47.36 | I28: =ROUND((H28*F28),2) -> 4035.07
A29: 2.1.4.5 | B29: ED-51131 | C29: SETOP | D29: CARGA MANUAL DE MATERIAL DE QUALQUER NATUREZA SOBRE CAMINHÃO, EXCLUSIVE TRANSPORTE | E29: M3 | F29: =F28 -> 85.2 | G29: 37.06 | H29: =ROUND((G29*(1+$I$5)),2) -> 47.79 | I29: =ROUND((H29*F29),2) -> 4071.71
A30: 2.1.4.6 | B30: ED-29231 | C30: SETOP | D30: TRANSPORTE DE MATERIAL DE QUALQUER NATUREZA EM CAMINHÃO, DISTÂNCIA MAIOR QUE 2KM E MENOR OU IGUAL A 5KM, DENTRO DO PERÍMETRO URBANO, EXCLUSIVE CARGA, INCLUSIVE DESCARGA | E30: M3XKM | F30: =F29*3 -> 255.6 | G30: 2.5 | H30: =ROUND((G30*(1+$I$5)),2) -> 3.22 | I30: =ROUND((H30*F30),2) -> 823.03
A31: 2.2 | D31: FUNDAÇÃO
A32: 2.2.1 | B32: ED-17989 | C32: SETOP | D32: LOCAÇÃO DE OBRA COM GABARITO DE TÁBUAS CORRIDAS PONTALETADAS A CADA 2,00M, REAPROVEITAMENTO (2X), INCLUSIVE ACOMPANHAMENTO DE EQUIPE TOPOGRÁFICA PARA MARCAÇÃO DE PONTO TOPOGRÁFICO | E32: M | F32: 384.99 | G32: 42.53 | H32: =ROUND((G32*(1+$I$5)),2) -> 54.84 | I32: =ROUND((H32*F32),2) -> 21112.85
A33: 2.2.2 | B33: ED-51107 | C33: SETOP | D33: ESCAVAÇÃO MANUAL DE VALA COM PROFUNDIDADE MENOR OU IGUAL A 1,5M, INCLUSIVE DESCARGA LATERAL | E33: M3 | F33: =Memória!E9+Memória!E55 -> 55.1325 | G33: 63.2 | H33: =ROUND((G33*(1+$I$5)),2) -> 81.5 | I33: =ROUND((H33*F33),2) -> 4493.3
A34: 2.2.3 | B34: ED-49812 | C34: SETOP | D34: LASTRO DE CONCRETO MAGRO, INCLUSIVE TRANSPORTE, LANÇAMENTO E ADENSAMENTO | E34: M3 | F34: =Memória!E6+Memória!F9+Memória!F55 -> 5.4119137 | G34: 535.89 | H34: =ROUND((G34*(1+$I$5)),2) -> 691.03 | I34: =ROUND((H34*F34),2) -> 3739.79
A35: 2.2.4 | B35: ED-49637 | C35: SETOP | D35: FORNECIMENTO DE CONCRETO ESTRUTURAL, USINADO BOMBEADO, COM FCK 20MPA, INCLUSIVE LANÇAMENTO, ADENSAMENTO E ACABAMENTO | E35: M3 | F35: =Proj.Estr!R51 -> 17.268 | G35: 693.73 | H35: =ROUND((G35*(1+$I$5)),2) -> 894.56 | I35: =ROUND((H35*F35),2) -> 15447.26
A36: 2.2.5 | B36: ED-48295 | C36: SETOP | D36: CORTE, DOBRA E MONTAGEM DE AÇO CA-50, DIÂMETRO (6,3MM A 12,5MM), INCLUSIVE ESPAÇADOR | E36: KG | F36: =Proj.Estr!S51 -> 652.8 | G36: 11.26 | H36: =ROUND((G36*(1+$I$5)),2) -> 14.52 | I36: =ROUND((H36*F36),2) -> 9478.66
A37: 2.2.6 | B37: ED-8471 | C37: SETOP | D37: FÔRMA E DESFORMA DE TÁBUA E SARRAFO, REAPROVEITAMENTO (5X), EXCLUSIVE ESCORAMENTO | E37: M2 | F37: =Proj.Estr!Q51 -> 61.35 | G37: 44.45 | H37: =ROUND((G37*(1+$I$5)),2) -> 57.32 | I37: =ROUND((H37*F37),2) -> 3516.58
A38: 2.2.7 | B38: ED-51096 | C38: SETOP | D38: COMPACTAÇÃO MECANIZADA DE ATERRO COM PLACA VIBRATÓRIA, INCLUSIVE ESPALHAMENTO MANUAL | E38: M3 | F38: =Memória!J9+Memória!J55 -> 23.415 | G38: 45.71 | H38: =ROUND((G38*(1+$I$5)),2) -> 58.94 | I38: =ROUND((H38*F38),2) -> 1380.08
A39: 2.2.8 | B39: ED-50764 | C39: SETOP | D39: REVESTIMENTO COM IMPERMEABILIZANTE EM DUAS (2) CAMADAS SOBREPOSTAS DE ARGAMASSA, TRAÇO 1:3 (CIMENTO E AREIA) COM ADITIVO IMPERMEABILIZANTE, ESP. 20MM, INCLUSIVE PINTURA COM DUAS (2) DEMÃOS COM EMULSÃO | E39: M2 | F39: =Memória!B61 -> 317.175 | G39: 71.86 | H39: =ROUND((G39*(1+$I$5)),2) -> 92.66 | I39: =ROUND((H39*F39),2) -> 29389.44
A40: 2.3 | D40: ESTRUTURA
A41: 2.3.1 | B41: ED-49637 | C41: SETOP | D41: FORNECIMENTO DE CONCRETO ESTRUTURAL, USINADO BOMBEADO, COM FCK 20MPA, INCLUSIVE LANÇAMENTO, ADENSAMENTO E ACABAMENTO | E41: M3 | F41: =Proj.Estr!S57 -> 65.124 | G41: 693.73 | H41: =ROUND((G41*(1+$I$5)),2) -> 894.56 | I41: =ROUND((H41*F41),2) -> 58257.33
A42: 2.3.2 | B42: ED-48295 | C42: SETOP | D42: CORTE, DOBRA E MONTAGEM DE AÇO CA-50, DIÂMETRO (6,3MM A 12,5MM), INCLUSIVE ESPAÇADOR | E42: KG | F42: =Proj.Estr!T57 -> 5286.87 | G42: 11.26 | H42: =ROUND((G42*(1+$I$5)),2) -> 14.52 | I42: =ROUND((H42*F42),2) -> 76765.35
A43: 2.3.3 | B43: ED-49647 | C43: SETOP | D43: FÔRMA E DESFORMA DE COMPENSADO PLASTIFICADO, ESP. 12MM, REAPROVEITAMENTO (5X), EXCLUSIVE ESCORAMENTO | E43: M2 | F43: =Proj.Estr!Q57 -> 477.948 | G43: 44.45 | H43: =ROUND((G43*(1+$I$5)),2) -> 57.32 | I43: =ROUND((H43*F43),2) -> 27395.98
A44: 2.3.4 | B44: ED-19637 | C44: SETOP | D44: CIMBRAMENTO PARA LAJE PRÉ-MOLDADA COM ESCORAMENTO METÁLICO, TIPO "A", ALTURA DE (200 ATÉ 310)CM, INCLUSIVE DESCARGA, MONTAGEM, DESMONTAGEM E CARGA | E44: M2 | F44: =Memória!C100 -> 1080.8151 | G44: 21.06 | H44: =ROUND((G44*(1+$I$5)),2) -> 27.16 | I44: =ROUND((H44*F44),2) -> 29354.94
A45: 2.3.5 | B45: ED-19633 | C45: SETOP | D45: ESCORAMENTO METÁLICO PARA LAJE E VIGA EM CONCRETO ARMADO, TIPO "A", ALTURA DE (200 ATÉ 310)CM, INCLUSIVE DESCARGA, MONTAGEM, DESMONTAGEM E CARGA | E45: M2 | F45: =Memória!C110 -> 60.036 | G45: 19 | H45: =ROUND((G45*(1+$I$5)),2) -> 24.5 | I45: =ROUND((H45*F45),2) -> 1470.88
A46: 2.3.6 | B46: ED-19635 | C46: SETOP | D46: ESCORAMENTO METÁLICO PARA VIGA EM CONCRETO ARMADO, TIPO "A", ALTURA DE (200 ATÉ 310)CM, EXCLUSIVE DESCARGA, MONTAGEM, DESMONTAGEM E CARGA | E46: M2 | F46: =Memória!C67*0.2 -> 61.95 | G46: 19.06 | H46: =ROUND((G46*(1+$I$5)),2) -> 24.58 | I46: =ROUND((H46*F46),2) -> 1522.73
A47: 2.3.7 | B47: ED-50252 | C47: SETOP | D47: LAJE PRÉ-MOLDADA UNIDIRECIONAL COM ENCHIMENTO EM POLIESTIRENO EXPANDIDO (EPS), CAPEAMENTO DE 4CM, SOBRECARGA DE 100KG/M2, ALTURA TOTAL DE 11CM E VÃO LIVRE MÁXIMO DE 3M, INCLUSIVE CONCRETO ESTRUTURAL, USINADO BOMBEADO COM FCK DE 20MPA, EXCLUSIVE TELA ARMADA E CIMBRAMENTO | E47: M2 | F47: =Memória!F71 -> 145.4638 | G47: 130.77 | H47: =ROUND((G47*(1+$I$5)),2) -> 168.63 | I47: =ROUND((H47*F47),2) -> 24529.56
A48: 2.3.8 | B48: ED-50253 | C48: SETOP | D48: LAJE PRÉ-MOLDADA UNIDIRECIONAL COM ENCHIMENTO EM POLIESTIRENO EXPANDIDO (EPS), CAPEAMENTO DE 4CM, SOBRECARGA DE 100KG/M2, ALTURA TOTAL DE 11CM E VÃO LIVRE MÁXIMO DE 4M, INCLUSIVE CONCRETO ESTRUTURAL, USINADO BOMBEADO COM FCK DE 20MPA, EXCLUSIVE TELA ARMADA E CIMBRAMENTO | E48: M2 | F48: =Memória!F72 -> 214.8079 | G48: 137.68 | H48: =ROUND((G48*(1+$I$5)),2) -> 177.54 | I48: =ROUND((H48*F48),2) -> 38136.99
A49: 2.3.9 | B49: ED-50847 | C49: SETOP | D49: LAJE MACIÇA 15 CM DE CONCRETO 13,5 MPa COM ADITIVO IMPERMEABILIZANTE, ARMAÇÃO, FÔRMA , DESFORMA ( FUNDO CAIXA DÁGUA E COBERTURA) | E49: M2 | F49: =Memória!H107 -> 20.012 | G49: 250.84 | H49: =ROUND((G49*(1+$I$5)),2) -> 323.46 | I49: =ROUND((H49*F49),2) -> 6473.08
A50: 2.3.10 | B50: ED-50175 | C50: SETOP | D50: PINTURA IMPERMEABILIZANTE COM ARGAMASSA POLIMÉRICA | E50: M2 | F50: =Memória!H107+Memória!C97 -> 380.2837 | G50: 21.54 | H50: =ROUND((G50*(1+$I$5)),2) -> 27.78 | I50: =ROUND((H50*F50),2) -> 10564.28
A51: 2.4 | D51: ALVENARIA E REVESTIMENTOS
A52: 2.4.1 | B52: ED-48232 | C52: SETOP | D52: ALVENARIA DE VEDAÇÃO COM TIJOLO CERÂMICO FURADO, ESP. 14CM, PARA REVESTIMENTO, INCLUSIVE ARGAMASSA PARA ASSENTAMENTO | E52: M2 | F52: =Memória!C188 -> 870.288 | G52: 64.67 | H52: =ROUND((G52*(1+$I$5)),2) -> 83.39 | I52: =ROUND((H52*F52),2) -> 72573.32
A53: 2.4.2 | B53: ED-50727 | C53: SETOP | D53: CHAPISCO COM ARGAMASSA, TRAÇO 1:3 (CIMENTO E AREIA), ESP . 5MM, APLICADO EM ALVENARIA/ESTRUTURA DE CONCRETO COM COLHER, INCLUSIVE ARGAMASSA COM PREPARO MECANIZADO | E53: M2 | F53: =Memória!B216 -> 1740.576 | G53: 8.7 | H53: =ROUND((G53*(1+$I$5)),2) -> 11.22 | I53: =ROUND((H53*F53),2) -> 19529.26
A54: 2.4.3 | B54: ED-50732 | C54: SETOP | D54: EMBOÇO COM ARGAMASSA, TRAÇO 1:6 (CIMENTO E AREIA), ESP. 20MM, APLICAÇÃO MANUAL, INCLUSIVE ARGAMASSA COM PREPARO MECANIZADO, EXCLUSIVE CHAPISCO | E54: M2 | F54: =Memória!B217 -> 294.27 | G54: 31.15 | H54: =ROUND((G54*(1+$I$5)),2) -> 40.17 | I54: =ROUND((H54*F54),2) -> 11820.83
A55: 2.4.4 | B55: ED-50761 | C55: SETOP | D55: REBOCO COM ARGAMASSA, TRAÇO 1:2:8 (CIMENTO, CAL E AREIA) , ESP. 20MM, APLICAÇÃO MANUAL, INCLUSIVE ARGAMASSA COM PREPARO MECANIZADO, EXCLUSIVE CHAPISCO | E55: M2 | F55: =Memória!B218 -> 1265.322 | G55: 31.01 | H55: =ROUND((G55*(1+$I$5)),2) -> 39.99 | I55: =ROUND((H55*F55),2) -> 50600.23
A56: 2.4.5 | B56: ED-9081 | C56: SETOP | D56: REVESTIMENTO COM CERÂMICA APLICADO EM PAREDE, ACABAMENTO ESMALTADO, AMBIENTE INTERNO/EXTERNO, PADRÃO EXTRA, DIMENSÃO DA PEÇA ATÉ 2025 CM2, PEI III, ASSENTAMENTO COM ARGAMASSA INDUSTRIALIZADA, INCLUSIVE REJUNTAMENTO | E56: M2 | F56: =F54 -> 294.27 | G56: 67.35 | H56: =ROUND((G56*(1+$I$5)),2) -> 86.85 | I56: =ROUND((H56*F56),2) -> 25557.35
A57: 2.4.6 | B57: ED-49687 | C57: SETOP | D57: FORRO EM CHAPA DE GESSO ACARTONADO, ESP. 12,5MM, COM FIXAÇÃO DO TIPO ARAMADO, EXCLUSIVE PERFIL TABICA, SANCA E MOLDURA, INCLUSIVE ACESSÓRIOS E FIXAÇÃO | E57: M2 | F57: =Memória!B222 -> 380.2837 | G57: 55.98 | H57: =ROUND((G57*(1+$I$5)),2) -> 72.19 | I57: =ROUND((H57*F57),2) -> 27452.68
A58: 2.5 | D58: PISOS E REVESTIMENTOS
A59: 2.5.1 | B59: ED-50600 | C59: SETOP | D59: APLICAÇÃO DE LONA PRETA, ESP. 150 MICRAS, INCLUSIVE FORNECIMENTO | E59: M2 | F59: =Memória!C280 -> 380.2837 | G59: 2.95 | H59: =ROUND((G59*(1+$I$5)),2) -> 3.8 | I59: =ROUND((H59*F59),2) -> 1445.08
A60: 2.5.2 | B60: ED-50566 | C60: SETOP | D60: CONTRAPISO DESEMPENADO COM ARGAMASSA, TRAÇO 1:3 ( CIMENTO E AREIA), ESP. 20MM | E60: M2 | F60: =F59 -> 380.2837 | G60: 33.86 | H60: =ROUND((G60*(1+$I$5)),2) -> 43.66 | I60: =ROUND((H60*F60),2) -> 16603.19
A61: 2.5.3 | B61: ED-50563 | C61: SETOP | D61: PISO CIMENTADO COM ARGAMASSA, TRAÇO 1:3 (CIMENTO E AREIA), COM ADITIVO IMPERMEABILIZANTE, ESP. 25MM, ACABAMENTO DESEMPENADO E FELTRADO | E61: M2 | F61: =F60 -> 380.2837 | G61: 50.09 | H61: =ROUND((G61*(1+$I$5)),2) -> 64.59 | I61: =ROUND((H61*F61),2) -> 24562.52
A62: 2.5.4 | B62: ED-50542 | C62: SETOP | D62: REVESTIMENTO COM CERÂMICA APLICADO EM PISO, ACABAMENTO ESMALTADO, AMBIENTE INTERNO, PADRÃO EXTRA, DIMENSÃO DA PEÇA ATÉ 2025 CM2, PEI V, ASSENTAMENTO COM ARGAMASSA INDUSTRIALIZADA, INCLUSIVE REJUNTAMENTO | E62: M2 | F62: =F61 -> 380.2837 | G62: 78.08 | H62: =ROUND((G62*(1+$I$5)),2) -> 100.68 | I62: =ROUND((H62*F62),2) -> 38286.96
A63: 2.5.5 | B63: ED-50771 | C63: SETOP | D63: RODAPÉ COM REVESTIMENTO EM CERÂMICA ESMALTADA COMERCIAL, ALTURA 10CM, PEI IV, ASSENTAMENTO COM ARGAMASSA INDUSTRIALIZADA, INCLUSIVE REJUNTAMENTO | E63: M | F63: =Memória!B285 -> 94.63 | G63: 10.99 | H63: =ROUND((G63*(1+$I$5)),2) -> 14.17 | I63: =ROUND((H63*F63),2) -> 1340.91
A64: 2.5.6 | B64: ED-51002 | C64: SETOP | D64: SOLEIRA EM GRANITO, NA COR CINZA ANDORINHA, ESP. 2CM, INCLUSIVE REJUNTAMENTO | E64: M2 | F64: =Memória!H317 -> 6.26 | G64: 300.98 | H64: =ROUND((G64*(1+$I$5)),2) -> 388.11 | I64: =ROUND((H64*F64),2) -> 2429.57
A65: 2.6 | D65: COBERTURA
A66: 2.6.1 | B66: ED-48408 | C66: SETOP | D66: ENGRADAMENTO PARA TELHADO DE FIBROCIMENTO ONDULADA | E66: M2 | F66: =Memória!C237 -> 380.1111 | G66: 85.56 | H66: =ROUND((G66*(1+$I$5)),2) -> 110.33 | I66: =ROUND((H66*F66),2) -> 41937.66
A67: 2.6.2 | B67: ED-48425 | C67: SETOP | D67: COBERTURA EM TELHA DE FIBROCIMENTO, TIPO ONDULADA, ESP . 8MM, COM RECOBRIMENTO TRANSVERSAL E LONGITUDINAL, EXCLUSIVE CUMEEIRA E ENGRADAMENTO, INCLUSIVE ACESSÓRIOS DE FIXAÇÃO E IÇAMENTO MANUAL VERTICAL | E67: M2 | F67: =Memória!C238 -> 389.61388 | G67: 73.75 | H67: =ROUND((G67*(1+$I$5)),2) -> 95.1 | I67: =ROUND((H67*F67),2) -> 37052.28
A68: 2.6.3 | B68: ED-48403 | C68: SETOP | D68: CUMEEIRA DE EM TELHA DE FIBROCIMENTO,TIPO CALHA ESTRUTURAL, LARGURA 49CM, (CANALETE 49/KALHETA), INCLUSIVE ACESSÓRIOS PARA FIXAÇÃO, FORNECIMENTO, INSTALAÇÃO E IÇAMENTO MANUAL VERTICAL | E68: M | F68: 60 | G68: 131.24 | H68: =ROUND((G68*(1+$I$5)),2) -> 169.23 | I68: =ROUND((H68*F68),2) -> 10153.8
A69: 2.6.4 | B69: ED-50683 | C69: SETOP | D69: RUFO E CONTRARRUFO EM CHAPA GALVANIZADA, ESP. 0,5MM ( GSG-26), COM DESENVOLVIMENTO DE 20CM, INCLUSIVE IÇAMENTO MANUAL VERTICAL | E69: M | F69: =Memória!C239 -> 107.76 | G69: 32.73 | H69: =ROUND((G69*(1+$I$5)),2) -> 42.21 | I69: =ROUND((H69*F69),2) -> 4548.55
A70: 2.6.5 | B70: ED-50660 | C70: SETOP | D70: CALHA EM CHAPA GALVANIZADA, ESP. 0,65MM (GSG-24), COM DESENVOLVIMENTO DE 100CM, INCLUSIVE IÇAMENTO MANUAL VERTICAL | E70: M | F70: =Memória!C240+Memória!C262 -> 84.91 | G70: 153.26 | H70: =ROUND((G70*(1+$I$5)),2) -> 197.63 | I70: =ROUND((H70*F70),2) -> 16780.76
A71: 2.6.6 | B71: ED-50668 | C71: SETOP | D71: CONDUTOR CIRCULAR DE ÁGUA PLUVIAL PARA DO TELHADO EM TUBO DE PVC, DIÂMETRO DE 100MM, INCLUSIVE CONEXÕES E SUPORTES | E71: M | F71: =Memória!B253*3 -> 30 | G71: 78.1 | H71: =ROUND((G71*(1+$I$5)),2) -> 100.71 | I71: =ROUND((H71*F71),2) -> 3021.3
A72: 2.6.7 | B72: ED-48407 | C72: SETOP | D72: ENGRADAMENTO PARA TELHAS CERÂMICA OU CONCRETO EM MADEIRA | E72: M2 | F72: =Memória!C260 -> 43.885 | G72: 115.93 | H72: =ROUND((G72*(1+$I$5)),2) -> 149.49 | I72: =ROUND((H72*F72),2) -> 6560.37
A73: 2.6.8 | B73: ED-48420 | C73: SETOP | D73: COBERTURA EM TELHA CERÂMICA, TIPO PLAN, INCLUSIVE FIXAÇÃO, EXCLUSIVE ENGRADAMENTO E MANTA ISOLANTE/ TÉRMICA | E73: M2 | F73: =Memória!C261 -> 46.07925 | G73: 102.78 | H73: =ROUND((G73*(1+$I$5)),2) -> 132.53 | I73: =ROUND((H73*F73),2) -> 6106.88
A74: 2.6.9 | B74: 8.90.01 | C74: SUDECAP | D74: COBERTURA DE POLICARBONATO ALVEOLAR TRANSPARENTE, INCL. ESTRUTRUTURA - FORNECIMENTO E INSTALACAO | E74: M2 | F74: =Memória!B272 -> 22.4725 | G74: 483 | H74: =ROUND((G74*(1+$I$5)),2) -> 622.83 | I74: =ROUND((H74*F74),2) -> 13996.55
A75: 2.7 | D75: PINTURA
A76: 2.7.1 | B76: ED-50451 | C76: SETOP | D76: PINTURA ACRÍLICA EM PAREDE, DUAS (2) DEMÃOS, EXCLUSIVE SELADOR ACRÍLICO E MASSA ACRÍLICA/CORRIDA (PVA) | E76: M2 | F76: =Memória!B219/2 -> 288.009 | G76: 15.77 | H76: =ROUND((G76*(1+$I$5)),2) -> 20.34 | I76: =ROUND((H76*F76),2) -> 5858.1
A77: 2.7.2 | B77: ED-50509 | C77: SETOP | D77: PINTURA ESMALTE EM SUPERFÍCIE DE CONCRETO/ALVENARIA, DUAS (2) DEMÃOS, EXCLUSIVE SELADOR ACRÍLICO E MASSA ACRÍLICA/CORRIDA (PVA) | E77: M2 | F77: =F76 -> 288.009 | G77: 25.06 | H77: =ROUND((G77*(1+$I$5)),2) -> 32.31 | I77: =ROUND((H77*F77),2) -> 9305.57
A78: 2.7.3 | B78: ED-50452 | C78: SETOP | D78: PINTURA ACRÍLICA EM TETO, DUAS (2) DEMÃOS, EXCLUSIVE SELADOR ACRÍLICO E MASSA ACRÍLICA/CORRIDA (PVA) | E78: M2 | F78: =Memória!B222 -> 380.2837 | G78: 17.3 | H78: =ROUND((G78*(1+$I$5)),2) -> 22.31 | I78: =ROUND((H78*F78),2) -> 8484.13
A79: 2.7.4 | B79: ED-50519 | C79: SETOP | D79: PINTURA COM TEXTURA ACRÍLICA COM DESEMPENADEIRA DE AÇO, INCLUSIVE UMA (1) DEMÃO DE SELADOR ACRÍLICO | E79: M2 | F79: =Memória!B220 -> 689.304 | G79: 29.53 | H79: =ROUND((G79*(1+$I$5)),2) -> 38.08 | I79: =ROUND((H79*F79),2) -> 26248.7
A80: 2.7.5 | B80: ED-50482 | C80: SETOP | D80: EMASSAMENTO EM ESQUADRIA DE MADEIRA COM MASSA A ÓLEO , DUAS (2) DEMÃOS, INCLUSIVE LIXAMENTO PARA PINTURA A ÓLEO OU ESMALTE | E80: M2 | F80: =Memória!D319 -> 50.4 | G80: 35.97 | H80: =ROUND((G80*(1+$I$5)),2) -> 46.38 | I80: =ROUND((H80*F80),2) -> 2337.55
A81: 2.7.6 | B81: ED-50493 | C81: SETOP | D81: PINTURA ESMALTE EM ESQUADRIA DE MADEIRA, DUAS (2) DEMÃOS, INCLUSIVE UMA (1) DEMÃO DE FUNDO NIVELADOR, EXCLUSIVE MASSA A ÓLEO | E81: M2 | F81: =Memória!D319 -> 50.4 | G81: 29.88 | H81: =ROUND((G81*(1+$I$5)),2) -> 38.53 | I81: =ROUND((H81*F81),2) -> 1941.91
A82: 2.7.7 | B82: ED-50491 | C82: SETOP | D82: PINTURA ESMALTE EM ESQUADRIAS DE FERRO, DUAS (2) DEMÃOS, INCLUSIVE UMA (1) DEMÃO DE FUNDO ANTICORROSIVO | E82: M2 | F82: =Memória!D320 -> 13.2 | G82: 35.92 | H82: =ROUND((G82*(1+$I$5)),2) -> 46.32 | I82: =ROUND((H82*F82),2) -> 611.42
A83: 2.8 | D83: ESQUADRIAS
A84: 2.8.1 | B84: ED-29482 | C84: SETOP | D84: JANELA EM ALUMÍNIO MÁXIM-AR COM ALTURA DE 80CM, LINHA 25/ SUPREMA, ACABAMENTO ANODIZADO NATURAL, INCLUSIVE PERFIS, VIDRO LISO 4MM E INSTALAÇÃO, EXCLUSIVE FERRAGENS PARA MÓDULO DE JANELA DE ALUMÍNIO MÁXIM-AR | E84: M2 | F84: =Memória!E302 -> 10.08 | G84: 884.64 | H84: =ROUND((G84*(1+$I$5)),2) -> 1140.74 | I84: =ROUND((H84*F84),2) -> 11498.66
A85: 2.8.2 | B85: ED-29484 | C85: SETOP | D85: JANELA EM ALUMÍNIO DE CORRER COM 2 FOLHAS, LINHA 25/ SUPREMA, ACABAMENTO ANODIZADO NATURAL, INCLUSIVE PERFIS, VIDRO 4MM E INSTALAÇÃO, EXCLUSIVE FERRAGENS PARA JANELA DE ALUMÍNIO DE CORRER | E85: M2 | F85: =Memória!E303 -> 25.4 | G85: 836.67 | H85: =ROUND((G85*(1+$I$5)),2) -> 1078.89 | I85: =ROUND((H85*F85),2) -> 27403.81
A86: 2.8.3 | B86: ED-29477 | C86: SETOP | D86: PORTA VENEZIANA EM ALUMÍNIO DE ABRIR (60X210)CM COMPLETA, LINHA 25/SUPREMA, ACABAMENTO ANODIZADO NATURAL, INCLUSIVE PERFIS, FERRAGENS E INSTALAÇÃO | E86: UNID. | F86: =Memória!E313 -> 6 | G86: 1483.9 | H86: =ROUND((G86*(1+$I$5)),2) -> 1913.49 | I86: =ROUND((H86*F86),2) -> 11480.94
A87: 2.8.4 | B87: ED-51160 | C87: SETOP | D87: VIDRO TEMPERADO TRANSPARENTE INCOLOR, ESP. 10MM, INCLUSIVE FIXAÇÃO E VEDAÇÃO COM GUARNIÇÃO/GAXETA DE BORRACHA NEOPRENE, FORNECIMENTO E INSTALAÇÃO, EXCLUSIVE CAIXILHO/PERFIL | E87: M2 | F87: =Memória!F306+Memória!F308 -> 5.46 | G87: 341.7 | H87: =ROUND((G87*(1+$I$5)),2) -> 440.62 | I87: =ROUND((H87*F87),2) -> 2405.79
A88: 2.8.5 | B88: ED-50794 | C88: SETOP | D88: PORTA DE ABRIR, 01 FOLHA, EM CHAPA 14 SAE 1020 - PADRÃO SEDS | E88: M2 | F88: =Memória!F311+Memória!F316+Memória!F315 -> 5.97 | G88: 778.11 | H88: =ROUND((G88*(1+$I$5)),2) -> 1003.37 | I88: =ROUND((H88*F88),2) -> 5990.12
A89: 2.8.6 | B89: ED-50796 | C89: SETOP | D89: PORTA DE ABRIR, 02 FOLHAS, EM CHAPA 14 SAE 1020 - PADRÃO SEDS | E89: M2 | F89: =Memória!F307 -> 2.52 | G89: 778.11 | H89: =ROUND((G89*(1+$I$5)),2) -> 1003.37 | I89: =ROUND((H89*F89),2) -> 2528.49
A90: 2.8.7 | B90: ED-49602 | C90: SETOP | D90: PORTA DE MADEIRA COMPLETA, DIMENSÃO (80X210)CM, TIPO DE ABRIR, UMA (1) FOLHA, ACABAMENTO NATURAL PARA PINTURA/ VERNIZ, TIPO PRANCHETA/SARRAFEADA, INCLUSIVE MARCO, ALIZAR E FERRAGENS, EXCLUSIVE PINTURA/VERNIZ | E90: UNID. | F90: =Memória!E312 -> 11 | G90: 994.09 | H90: =ROUND((G90*(1+$I$5)),2) -> 1281.88 | I90: =ROUND((H90*F90),2) -> 14100.68
A91: 2.8.8 | B91: ED-49603 | C91: SETOP | D91: PORTA DE MADEIRA COMPLETA, DIMENSÃO (90X210)CM, TIPO DE ABRIR, UMA (1) FOLHA, ACABAMENTO NATURAL PARA PINTURA/ VERNIZ, TIPO PRANCHETA/SARRAFEADA, INCLUSIVE MARCO, ALIZAR E FERRAGENS, EXCLUSIVE PINTURA/VERNIZ | E91: UNID. | F91: =Memória!E314 -> 12 | G91: 1031 | H91: =ROUND((G91*(1+$I$5)),2) -> 1329.47 | I91: =ROUND((H91*F91),2) -> 15953.64
A92: 2.8.9 | B92: CPU-02 | C92: CPU-02 | D92: PORTA DE MADEIRA COMPLETA, DIMENSÃO (120X210)CM, TIPO DE ABRIR, DUAS (2) FOLHA, COM REVESTIMENTO EM LAMINADO MELAMÍNICO NAS DUAS (2) FACES, INCLUSIVE MARCO, DOBRADIÇAS, FECHADURA E ALIZAR | E92: UNID. | F92: =Memória!E310 -> 1 | G92: =CPU!H14 -> 2259.12 | H92: =ROUND((G92*(1+$I$5)),2) -> 2913.14 | I92: =ROUND((H92*F92),2) -> 2913.14
A93: 2.8.10 | B93: ED-29731 | C93: SETOP | D93: VIDRO IMPRESSO (FANTASIA) TRANSLÚCIDO INCOLOR, ESP. 4MM, INCLUSIVE FIXAÇÃO E VEDAÇÃO COM GUARNIÇÃO/GAXETA DE BORRACHA NEOPRENE, FORNECIMENTO E INSTALAÇÃO, EXCLUSIVE CAIXILHO/PERFIL | E93: M2 | F93: =Memória!D321+Memória!D322 -> 35.48 | G93: 206.75 | H93: =ROUND((G93*(1+$I$5)),2) -> 266.6 | I93: =ROUND((H93*F93),2) -> 9458.97
A94: 2.9 | D94: BANCADAS E DIVISÓRIAS
A95: 2.9.1 | B95: ED-48533 | C95: SETOP | D95: DIVISÓRIA EM GRANITO CINZA ANDORINHA, ESP. 3CM, INCLUSIVE INSTALAÇÃO, FERRAGENS EM LATÃO CROMADO E ACESSÓRIOS | E95: M2 | F95: =Memória!D332 -> 22.77 | G95: 668.6 | H95: =ROUND((G95*(1+$I$5)),2) -> 862.16 | I95: =ROUND((H95*F95),2) -> 19631.38
A96: 2.9.2 | B96: ED-48536 | C96: SETOP | D96: DIVISÓRIA EM PAINEL REMOVÍVEL, NÚCLEO COMPENSADO NAVAL , EM PERFIL DE AÇO TIPO C, INCLUSIVE ACESSÓRIOS, EXCLUSIVE VIDRO E FERRAGENS PARA CONFECÇÃO DE PORTA DE DIVISÓRIA | E96: M2 | F96: =Memória!D344 -> 58.044 | G96: 101.73 | H96: =ROUND((G96*(1+$I$5)),2) -> 131.18 | I96: =ROUND((H96*F96),2) -> 7614.21
A97: 2.9.3 | B97: ED-48343 | C97: SETOP | D97: BANCADA EM GRANITO CINZA ANDORINHA E = 3 CM, APOIADA EM CONSOLE DE METALON 20 X 30 MM | E97: M2 | F97: =Memória!D354 -> 5.8295 | G97: 376.06 | H97: =ROUND((G97*(1+$I$5)),2) -> 484.93 | I97: =ROUND((H97*F97),2) -> 2826.9
A98: 2.9.4 | B98: ED-48348 | C98: SETOP | D98: RODABANCA/FRONTÃO PARA BANCADA EM GRANITO, COR CINZA ANDORINHA, ESP. 2CM, ALTURA DE 10CM, INCLUSIVE REJUNTAMENTO EM MASSA PLÁSTICA NA COR DA PEDRA | E98: M | F98: =Memória!C356 -> 17.04 | G98: 48.92 | H98: =ROUND((G98*(1+$I$5)),2) -> 63.08 | I98: =ROUND((H98*F98),2) -> 1074.88
A99: 2.10 | D99: INSTALAÇÕES HIDRÁULICAS
A100: 2.10.1 | D100: INTERLIGAÇÃO REDE PÚBLICA ATÉ CAIXA DÁGUA
A101: 2.10.1.1 | B101: ED-51107 | C101: SETOP | D101: ESCAVAÇÃO MANUAL DE VALA COM PROFUNDIDADE MENOR OU IGUAL A 1,5M, INCLUSIVE DESCARGA LATERAL | E101: M3 | F101: =Memória!D362 -> 42 | G101: 63.2 | H101: =ROUND((G101*(1+$I$5)),2) -> 81.5 | I101: =ROUND((H101*F101),2) -> 3423
A102: 2.10.1.2 | B102: ED-51094 | C102: SETOP | D102: APILOAMENTO MECANIZADO EM FUNDO DE VALA COM PLACA VIBRATÓRIA, EXCLUSIVE ESCAVAÇÃO | E102: M2 | F102: =Memória!E362 -> 35 | G102: 12.11 | H102: =ROUND((G102*(1+$I$5)),2) -> 15.62 | I102: =ROUND((H102*F102),2) -> 546.7
...

Sheet CPU
A1: PREFEITURA MUNICIPAL DE QUELUZITO
A2: =Orçamento202411!A3 -> REFORMA E AMPLIAÇÃO DA UNIDADE BÁSICA DE SAÚDE
A3: COMPOSIÇÃO UNITÁRIA DE CUSTOS
A5: CPU 01 | B5: ADMINISTRAÇÃO DE OBRA
A6: ITEM | B6: FONTE | C6: CÓDIGO | D6: DESCRIÇÃO | E6: UNIDADE | F6: QUANTIDADE | G6: CUSTO UNIT | H6: CUSTO TOTAL
A7: 1 | B7: SETOP | C7: ED-21776 | D7: ENCARREGADO GERAL DE OBRAS COM ENCARGOS COMPLEMENTARES | E7: MÊS | F7: 1 | G7: 8518.05 | H7: =F7*G7 -> 8518.05
A8: 2 | B8: SETOP | C8: CO-27348 | D8: ENGENHEIRO/ARQUITETO, NÍVEL JÚNIOR, INCLUSIVE ENCARGOS COMPLEMENTARES | E8: H/MÊS | F8: 16 | G8: 117.89 | H8: =F8*G8 -> 1886.24
A9: TOTAL / MÊS | H9: =H7+H8 -> 10404.29
A11: CPU-02 | B11: PORTA DE MADEIRA COMPLETA, DIMENSÃO (120X210)CM, TIPO DE ABRIR, DUAS (2) FOLHA, COM REVESTIMENTO EM LAMINADO MELAMÍNICO NAS DUAS (2) FACES, INCLUSIVE MARCO, DOBRADIÇAS, FECHADURA E ALIZAR
A12: ITEM | B12: FONTE | C12: CÓDIGO | D12: DESCRIÇÃO | E12: UNIDADE | F12: QUANTIDADE | G12: CUSTO UNIT | H12: CUSTO TOTAL
A13: 1 | B13: SETOP | C13: ED-49607 | D13: PORTA DE MADEIRA COMPLETA, DIMENSÃO (60X210)CM, TIPO DE ABRIR, UMA (1) FOLHA, COM REVESTIMENTO EM LAMINADO MELAMÍNICO NAS DUAS (2) FACES, INCLUSIVE MARCO, DOBRADIÇAS, FECHADURA E ALIZAR un 1.111,17 | E13: UNID | F13: 2 | G13: 1129.56 | H13: =G13*F13 -> 2259.12
A14: TOTAL / UNID | H14: =H13 -> 2259.12
A16: CPU-03 | B16: CAIXA D'AGUA POLIETILENO - 1.000 LITROS (FORNECIMENTO E INSTALAÇÃO)
A17: ITEM | B17: FONTE | C17: CÓDIGO | D17: DESCRIÇÃO | E17: UNIDADE | F17: QUANTIDADE | G17: CUSTO UNIT | H17: CUSTO TOTAL
A18: 1 | B18: SETOP | C18: ED-50363 | D18: AJUDANTE DE BOMBEIRO/ENCANADOR COM ENCARGOS COMPLEMENTARES | E18: H | F18: 2 | G18: 19.83 | H18: =F18*G18 -> 39.66
A19: 2 | B19: SETOP | C19: ED-50374 | D19: BOMBEIRO/ENCANADOR COM ENCARGOS COMPLEMENTARES | E19: H | F19: 2 | G19: 24.53 | H19: =F19*G19 -> 49.06
A20: 3 | B20: COTAÇÃO | C20: COTAÇÃO | D20: CAIXA D'AGUA POLIETILENO - 1.000 LITROS | E20: UNID. | F20: 1 | G20: =cotações!D48 -> 389.9 | H20: =F20*G20 -> 389.9
A21: TOTAL / UNID | H21: =SUM(H18:H20) -> 478.62
A23: CPU-04 | B23: DEMOLIÇÃO MECANIZADA DE PISO, INCLUSIVE AFASTAMENTO E EMPILHAMENTO, EXCLUSIVE TRANSPORTE E RETIRADA DO MATERIAL DEMOLIDO
A24: ITEM | B24: FONTE | C24: CÓDIGO | D24: DESCRIÇÃO | E24: UNIDADE | F24: QUANTIDADE | G24: CUSTO UNIT | H24: CUSTO TOTAL
A25: 1 | B25: SETOP | C25: EQED-23048 | D25: MARTELO ROMPEDOR ( PESO: 5,9-12KG|FAIXA DE POTÊNCIA: 1500-1700W| ALIMENTAÇÃO: ELETRICIDADE|REFERÊNCIA : E9675 OU EQUIVALENTE| OPERADOR: NÃO INCLUSO) | E25: H | F25: 1 | G25: 1.75 | H25: =F25*G25 -> 1.75
A26: 2 | B26: SETOP | C26: MATED-11962 | D26: PONTEIRO PARA ROMPEDOR (COMPRIMENTO*: 400MM| DIÂMETRO DA SEÇÃO: 18MM| PESO*: 0,6KG)*VALORES REFERENCIAIS APROXIMADOS | E26: UNID. | F26: 0.1 | G26: 84.42 | H26: =F26*G26 -> 8.442
A27: 3 | B27: SETOP | C27: ED50381 | D27: PEDREIRO COM ENCARGOS COMPLEMENTARES | E27: H | F27: 0.5 | G27: 25.59 | H27: =F27*G27 -> 12.795
A28: 4 | B28: SETOP | C28: ED50367 | D28: SERVENTE COM ENCARGOS COMPLEMENTARES | E28: H | F28: 1 | G28: 18.53 | H28: =F28*G28 -> 18.53
A29: TOTAL/M² | H29: =SUM(H25:H28) -> 41.517
A31: CPU-05 | B31: POSTE RETANGULAR EM AÇO C/ 1 X LED INTEGRADO 50W/6000LM/BIVOLT/IP66/3MTS - FORNECIMENTO E INSTALAÇÃO
A32: ITEM | B32: FONTE | C32: CÓDIGO | D32: DESCRIÇÃO | E32: UNIDADE | F32: QUANTIDADE | G32: CUSTO UNIT | H32: CUSTO TOTAL
A33: 1 | B33: COTAÇÃO | C33: COTAÇÃO | D33: POSTE RETANGULAR EM AÇO C/ 1 X LED INTEGRADO 50W/6000LM/BIVOLT/IP66/3MTS | E33: UNID. | F33: 1 | G33: =cotações!Q44 -> 939.9 | H33: =F33*G33 -> 939.9
A34: 2 | B34: SETOP | C34: ED-50362 | D34: AJUDANTE DE ELETRICISTA COM ENCARGOS COMPLEMENTARES | E34: H | F34: 2 | G34: 20.83 | H34: =F34*G34 -> 41.66
A35: 3 | B35: SETOP | C35: ED-50373 | D35: ELETRICISTA COM ENCARGOS COMPLEMENTARES | E35: H | F35: 1 | G35: 25.63 | H35: =F35*G35 -> 25.63
A36: 4 | H36: =F36*G36 -> 0
A37: TOTAL/UNID. | H37: =SUM(H33:H36) -> 1007.19
A39: CPU-06 | B39: GRADE FRONTAL (FORNECIMENTO E INSTALAÇÃO)
A40: ITEM | B40: FONTE | C40: CÓDIGO | D40: DESCRIÇÃO | E40: UNIDADE | F40: QUANTIDADE | G40: CUSTO UNIT | H40: CUSTO TOTAL
A41: 1 | B41: SETOP | C41: MATED-12705 | D41: GRADE FIXA | E41: M² | F41: 1 | G41: 211.01 | H41: =F41*G41 -> 211.01
A42: 2 | B42: SETOP | C42: ED50381 | D42: PEDREIRO COM ENCARGOS COMPLEMENTARES | E42: H | F42: 0.5 | G42: =G27 -> 25.59 | H42: =F42*G42 -> 12.795
A43: 3 | B43: SETOP | C43: ED-50933 | D43: ASSENTAMENTO DE GRADIL E PORTÃO, EXCLUSIVE FORNECIMENTO | E43: M2 | F43: 1 | G43: 119.46 | H43: =F43*G43 -> 119.46
A44: 4 | B44: SETOP | C44: ED-49637 | D44: FORNECIMENTO DE CONCRETO ESTRUTURAL, USINADO BOMBEADO, COM FCK 20MPA, INCLUSIVE LANÇAMENTO, ADENSAMENTO E ACABAMENTO | E44: M3 | F44: =0.4*0.4*0.4 -> 0.064 | G44: 693.73 | H44: =F44*G44 -> 44.39872
A45: TOTAL/M2 | H45: =SUM(H41:H44) -> 387.66372
A47: CPU-07 | B47: CABO UTP COM QUATRO (4) PARES, CATEGORIA 5e, COM ISOLAMENTO NÃO HALOGENADO E ANTICHAMA, EXCLUSIVE CONECTOR/PLUG MACHO RJ45 E CRIMPAGEM
A48: ITEM | B48: FONTE | C48: CÓDIGO | D48: DESCRIÇÃO | E48: UNIDADE | F48: QUANTIDADE | G48: CUSTO UNIT | H48: CUSTO TOTAL
A49: 1 | B49: COTAÇÃO | C49: COTAÇÃO | D49: CABO UTP COM QUATRO (4) PARES, CATEGORIA 5e | E49: M | F49: 1.02 | G49: 2.97 | H49: =F49*G49 -> 3.0294
A50: 2 | B50: SETOP | C50: ED-50362 | D50: AJUDANTE DE ELETRICISTA COM ENCARGOS COMPLEMENTARES | E50: H | F50: 0.0407407 | G50: 20.83 | H50: =F50*G50 -> 0.84862878
A51: 3 | B51: SETOP | C51: ED-50373 | D51: ELETRICISTA COM ENCARGOS COMPLEMENTARES | E51: H | F51: 0.0407407 | G51: 25.63 | H51: =F51*G51 -> 1.0441841
A52: TOTAL/M2 | H52: =SUM(H49:H51) -> 4.9222129
D56: Deneb Oliveira Bejar
D57: CREA: 89.511/D

Sheet BDI
A1: =Orçamento202411!A1 -> PREFEITURA MUNICIPAL DE QUELUZITO
A2: =Orçamento202411!A3 -> REFORMA E AMPLIAÇÃO DA UNIDADE BÁSICA DE SAÚDE
A3: COMPOSIÇÃO DO BDI
A6: Parâmetros para cálculo do BDI
A7: Itens Admissíveis | B7: Intervalos admissíveis sem justificativa | H7: Índices adotados
A9: Administração Central (AC) | B9: De | C9: 0.038 | E9: até | F9: 0.0467 | H9: Administração Central (AC) | I9: 0.04
A10: Seguro e Garantia (S+G) | B10: De | C10: 0.0032 | E10: até | F10: 0.0074 | H10: Seguro e Garantia (S+G) | I10: 0.0032
A11: Risco (R) | B11: De | C11: 0.005 | E11: até | F11: 0.0097 | H11: Risco (R) | I11: 0.005
A12: Despesas financeiras (DF) | B12: De | C12: 0.0102 | E12: até | F12: 0.0121 | H12: Despesas financeiras (DF) | I12: 0.0121
A13: Lucro (L) | B13: De | C13: 0.0664 | E13: até | F13: 0.0869 | H13: Lucro (L) | I13: 0.08
A14: Tributos (T) | B14: De | C14: 0.0565 | E14: até | F14: 0.0865 | H14: Tributos (T) | I14: 0.0665
A15: *INSS desoneração (E) | C15: 0 | E15: ou | F15: 0.045 | H15: INSS desoneração (E) | I15: 0.045
A16: Controle
A17: Administração Central (AC) | B17: =IF(I9>F9,"Incidência maior que a permitida",IF(I9<C9,"Incidência menor que a permitida","ok")) -> ok
A18: Seguro e Garantia (S+G) | B18: =IF(I10>F10,"Incidência maior que a permitida",IF(I10<0,"Incidência menor que a permitida","ok")) -> ok
A19: Risco (R) | B19: =IF(I11>F11,"Incidência maior que a permitida",IF(I11<0,"Incidência menor que a permitida","ok")) -> ok
A20: Despesas financeiras (DF) | B20: =IF(I12>F12,"Incidência maior que a permitida",IF(I12<C12,"Incidência menor que a permitida","ok")) -> ok
A21: Lucro (L) | B21: =IF(I13>F13,"Incidência maior que a permitida",IF(I13<C13,"Incidência menor que a permitida","ok")) -> ok
A22: Tributos (T) | B22: =IF(I14>F14,"Incidência maior que a permitida",IF(I14<C14,"Incidência menor que a permitida","ok")) -> ok
A23: INSS desoneração (E) | B23: =IF(I15=C15,"ok",IF(I15=F15,"ok","Incidência não permitida")) -> ok
A24: BDI CALCULADO ----> | B24: BDI = (1+AC+S+R+G)*(1+DF)*(1+L)/(1-(T+E)) | I24: =ROUND(((1+I9+I10+I11)*(1+I12)*(1+I13)/(1-(I14+I15))-1),4) -> 0.2895
B25: =IF(I15=0.045,IF(AND(I24>=K19,I24<=L19),K18,L18),IF(AND(I24>=K20,I24<=L20),K18,L18)) -> 0
A28: Deneb Oliveira Bejar
A29: CREA: 89.511/D

Sheet CRONOGRAMA 
A1: =Orçamento202411!A1 -> PREFEITURA MUNICIPAL DE QUELUZITO
A2: CRONOGRAMA FISICO - FINANCEIRO
A3: =Orçamento202411!A3 -> REFORMA E AMPLIAÇÃO DA UNIDADE BÁSICA DE SAÚDE
A5: ITEM | B5: DESCRIÇÃO | D5: FÍSICO/ FINANCEIRO | E5: TOTAL ETAPAS | F5: MÊS01 | G5: MÊS02 | H5: MÊS03 | I5: MÊS04 | J5: MÊS05 | K5: MÊS06 | L5: MÊS07 | M5: MÊS08 | N5: MÊS09 | O5: MÊS10 | P5: MÊS11 | Q5: MÊS12
A6: 1 | B6: =Orçamento202411!D9 -> SERVIÇOS PRELIMINARES | D6: Físico % | E6: =E7/E17 -> 0.080561527 | F6: 0.12 | G6: 0.08 | H6: 0.08 | I6: 0.08 | J6: 0.08 | K6: 0.08 | L6: 0.08 | M6: 0.08 | N6: 0.08 | O6: 0.08 | P6: 0.08 | Q6: 0.08
D7: Financeiro | E7: =Orçamento202411!I9 -> 210283.8 | F7: =F6*$E7 -> 25234.056 | G7: =G6*$E7 -> 16822.704 | H7: =H6*$E7 -> 16822.704 | I7: =I6*$E7 -> 16822.704 | J7: =J6*$E7 -> 16822.704 | K7: =K6*$E7 -> 16822.704 | L7: =L6*$E7 -> 16822.704 | M7: =M6*$E7 -> 16822.704 | ... Q7: =Q6*$E7 -> 16822.704
A8: 2 | B8: =Orçamento202411!D19 -> AMPLIAÇÃO DA UBS | D8: =D6 -> Físico % | E8: =E9/E17 -> 0.53068122 | F8: 0.05 | G8: 0.1 | H8: 0.2 | I8: 0.2 | J8: 0.15 | K8: 0.15 | L8: 0.15
D9: =D7 -> Financeiro | E9: =Orçamento202411!I19 -> 1385198 | F9: =F8*$E9 -> 69259.899 | G9: =G8*$E9 -> 138519.8 | H9: =H8*$E9 -> 277039.6 | I9: =I8*$E9 -> 277039.6 | J9: =J8*$E9 -> 207779.7 | K9: =K8*$E9 -> 207779.7 | L9: =L8*$E9 -> 207779.7
A10: 3 | B10: =Orçamento202411!D236 -> REFORMA DA UBS (EDIFICAÇÃO EXISTENTE) | D10: =D6 -> Físico % | E10: =E11/E17 -> 0.25518017 | M10: 0.15 | N10: 0.2 | O10: 0.2 | P10: 0.25 | Q10: 0.2
D11: =D9 -> Financeiro | E11: =Orçamento202411!I236 -> 666077.95 | M11: =M10*$E11 -> 99911.692 | N11: =N10*$E11 -> 133215.59 | O11: =O10*$E11 -> 133215.59 | P11: =P10*$E11 -> 166519.49 | Q11: =Q10*$E11 -> 133215.59
A12: 4 | B12: =Orçamento202411!D370 -> AGENCIAMENTO EXTERNO | D12: =D10 -> Físico % | E12: =E13/E17 -> 0.13196674 | J12: 0.12 | K12: 0.12 | L12: 0.12 | M12: 0.12 | N12: 0.12 | O12: 0.12 | P12: 0.14 | Q12: 0.14
D13: =D11 -> Financeiro | E13: =Orçamento202411!I370 -> 344463.03 | J13: =J12*$E13 -> 41335.564 | K13: =K12*$E13 -> 41335.564 | L13: =L12*$E13 -> 41335.564 | M13: =M12*$E13 -> 41335.564 | N13: =N12*$E13 -> 41335.564 | O13: =O12*$E13 -> 41335.564 | P13: =P12*$E13 -> 48224.824 | Q13: =Q12*$E13 -> 48224.824
A14: 5 | B14: =Orçamento202411!D408 -> LIMPEZA FINAL DE OBRA | D14: =D10 -> Físico % | E14: =E15/E17 -> 0.0016103394 | L14: 0.7 | Q14: 0.3
D15: =D11 -> Financeiro | E15: =Orçamento202411!I408 -> 4203.35 | L15: =L14*$E15 -> 2942.345 | Q15: =Q14*$E15 -> 1261.005
A16: TOTAL | D16: Físico % | E16: =E6+E8+E10+E12+E14 -> 1 | F16: =F17/$E$17 -> 0.036201444 | G16: =G17/$E$17 -> 0.059513044 | H16: =H17/$E$17 -> 0.11258117 | I16: =I17/$E$17 -> 0.11258117 | J16: =J17/$E$17 -> 0.10188311 | K16: =K17/$E$17 -> 0.10188311 | L16: =L17/$E$17 -> 0.10301035 | M16: =M17/$E$17 -> 0.060557957 | ... Q16: =Q17/$E$17 -> 0.076439402
D17: Financeiro | E17: =E7+E9+E11+E13+E15 -> 2610226.1 | F17: =F7+F9+F11+F13+F15 -> 94493.955 | G17: =G7+G9+G11+G13+G15 -> 155342.5 | H17: =H7+H9+H11+H13+H15 -> 293862.3 | I17: =I7+I9+I11+I13+I15 -> 293862.3 | J17: =J7+J9+J11+J13+J15 -> 265937.96 | K17: =K7+K9+K11+K13+K15 -> 265937.96 | L17: =L7+L9+L11+L13+L15 -> 268880.31 | ... Q17: =Q7+Q9+Q11+Q13+Q15 -> 199524.12
C23: Deneb Oliveira Bejar
C24: CREA: 89.511/D

Sheet cotações
Q41: 939.9
Q42: 1030.27
Q43: 939.9
P44: Mediana | Q44: =MEDIAN(Q41:Q43) -> 939.9
D45: 389.9
D46: 381.23
D47: 398.89
C48: Mediana | D48: =MEDIAN(D45:D47) -> 389.9

Sheet Proj.Estr
B2: Quantidades de armadura, por diâmetro | H2: Quantidades da obra
B4: FUNDAÇÃO | H4: FUNDAÇÃO
C5: Tipo de aço | D5: Referência | E5: Comprimento (m) | F5: Peso (kg) | H5: Elemento | I5: Fôrmas | J5: Volume | K5: Barras
B6: Sapatas isoladas | C6: CA-50 | D6: Ø6.3 | E6: 187.74 | F6: 51 | I6: (m²) | J6: (m³) | K6: (kg)
D7: Ø10 | E7: 1235.26 | F7: 837 | H7: Sapatas isoladas | I7: 102.25 | J7: 28777 | K7: 1088
D8: Ø12.5 | E8: 153.60 | F8: 163 | H8: Total | I8: - | J8: 28777 | K8: 1088
D9: Ø16 | E9: 21.28 | F9: 37
D10: Total + 10% | F10: 1088 | H10: PISO
H11: Elemento | I11: Fôrmas | J11: Superfície | K11: Volume | L11: Barras
B12: PISO | I12: (m²) | J12: (m²) | K12: (m³) | L12: (kg)
C13: Tipo de aço | D13: Referência | E13: Comprimento (m) | F13: Peso (kg) | H13: Vigas | I13: 268.65 | J13: 66.11 | K13: 28690 | L13: 1673
B14: Vigas de concreto | C14: CA-60 | D14: Ø5 | E14: 1793.92 | F14: 310 | H14: Pilares | I14: 7.61 | J14: - | K14: 0.520 | L14: 823
D15: Total + 10% | F15: 310 | H15: Total | I15: - | J15: 66.11 | K15: 29210 | L15: 2496
C16: CA-50 | D16: Ø6.3 | E16: 31.61 | F16: 9 | H16: Índices (por m²) | I16: - | J16: - | K16: 0.416 | L16: 35.55
D17: Ø10 | E17: 1578.01 | F17: 1070 | H17: Superfície total: 70.22 m²
D18: Ø12.5 | E18: 226.45 | F18: 240
D19: Ø16 | E19: 25.48 | F19: 44 | H19: COBERTURA
D20: Total + 10% | F20: 1363 | H20: Elemento | I20: Fôrmas | J20: Superfície | K20: Volume | L20: Barras
B21: Pilares em concreto | C21: CA-50 | D21: Ø6.3 | E21: 269.87 | F21: 73 | I21: (m²) | J21: (m²) | K21: (m³) | L21: (kg)
D22: Ø8 | E22: 5.32 | F22: 2 | H22: Lajes de vigotas | I22: - | J22: 467.5 | K22: 30960 | L22: 814
D23: Ø10 | E23: 820.61 | F23: 556 | H23: Lajes maciças | I23: - | J23: 60.69 | K23: 6070 | L23: 489
D24: Ø12.5 | E24: 70.70 | F24: 75 | H24: Vigas | I24: 223.64 | J24: 75.95 | K24: 25340 | L24: 2803
D25: Ø16 | E25: 67.20 | F25: 117 | H25: Pilares | I25: 164.39 | J25: - | K25: 8190 | L25: 549
D26: Total + 10% | F26: 823 | H26: Total | I26: - | J26: =SUM(J22:J24) -> 604.14 | K26: 70560 | L26: =SUM(L22:L25) -> 4655
H27: Índices (por m²) | I27: - | J27: - | K27: 0.130 | L27: 7.96
B28: COBERTURA | H28: Superfície total: 542.54 m²
C29: Tipo de aço | D29: Referência | E29: Comprimento (m) | F29: Peso (kg)
B30: Lajes de vigotas | C30: L 283 10x30 6mm | E30: 467.5 | F30: 813.45 | H30: PLATIBANDA 01
B31: Lajes maciças | C31: CA-50 | D31: Ø6.3 | E31: 1300.76 | F31: 350 | H31: Elemento | I31: Fôrmas | J31: Superfície | K31: Volume | L31: Barras
D32: Ø8 | E32: 240.00 | F32: 104 | I32: (m²) | J32: (m²) | K32: (m³) | L32: (kg)
D33: Ø10 | E33: 52.00 | F33: 35 | H33: Pilares | I33: 45.12 | J33: - | K33: 2210 | L33: 267
D34: Total + 10% | F34: 489 | H34: Vigas | I34: 45.57 | J34: 10.84 | K34: 3400 | L34: 1078
B35: Vigas de concreto | C35: CA-60 | D35: Ø5 | E35: 1891.74 | F35: 327 | H35: Total | I35: - | J35: =J34 -> 10.84 | K35: =K33+K34 -> 5610 | L35: =L33+L34 -> 1345
D36: Total + 10% | F36: 327 | H36: Índices (por m²) | I36: - | J36: =J35 -> 10.84 | K36: 0.467 | L36: 129.82
C37: CA-50 | D37: Ø6.3 | E37: 237.45 | F37: 64 | H37: Superfície total: 12,34 m²
D38: Ø8 | E38: 166.10 | F38: 72
D39: Ø10 | E39: 1154.67 | F39: 783 | H39: PLATIBANDA 02
D40: Ø12.5 | E40: 414.80 | F40: 439 | H40: Elemento | I40: Fôrmas | J40: Superfície | K40: Volume | L40: Barras
D41: Ø16 | E41: 643.93 | F41: 1118 | I41: (m²) | J41: (m²) | K41: (m³) | L41: (kg)
D42: Total + 10% | F42: 2476 | H42: Vigas | I42: 42.72 | J42: 10.06 | K42: 3210 | L42: 322
B43: Pilares em concreto | C43: CA-50 | D43: Ø6.3 | E43: 1406.06 | F43: 379 | H43: Pilares | I43: - | J43: - | K43: - | L43: -
D44: Ø10 | E44: 146.74 | F44: 99 | H44: Total | I44: - | J44: 10.06 | K44: 3210 | L44: 322
D45: Ø12.5 | E45: 66.60 | F45: 71 | H45: Índices (por m²) | I45: - | J45: - | K45: 0.300 | L45: 29.95
D46: Total + 10% | F46: 549 | H46: Superfície total: 10.95 m²
B48: PLATIBANDA 01 | H48: Total obra | P48: UBS | U48: DENTISTA
C49: Tipo de aço | D49: Referência | E49: Comprimento (m) | F49: Peso (kg) | H49: Elemento | I49: Fôrmas | J49: Volume | K49: Barras | P49: Elemento | Q49: Fôrmas | R49: Volume | S49: Barras | U49: Elemento | V49: Fôrmas | W49: Volume | X49: Barras
B50: Pilares em concreto | C50: CA-50 | D50: Ø6.3 | E50: 340.39 | F50: 92 | I50: (m²) | J50: (m³) | K50: (kg) | Q50: (m²) | R50: (m³) | S50: (kg) | V50: (m²) | W50: (m³) | X50: (kg)
D51: Ø10 | E51: 258.5 | F51: 175 | H51: Sapatas isoladas | I51: 102.25 | J51: 28.78 | K51: 1088 | P51: Sapatas isoladas | Q51: =I51*0.6 -> 61.35 | R51: =J51*0.6 -> 17.268 | S51: =K51*0.6 -> 652.8 | U51: Sapatas isoladas | V51: =I51-Q51 -> 40.9 | W51: =J51-R51 -> 11.512 | X51: =K51-S51 -> 435.2
D52: Total + 10% | F52: 267 | H52: Total | I52: - | J52: 28.78 | K52: 1088
B53: Vigas de concreto | C53: CA-60 | D53: Ø5 | E53: 250.38 | F53: 43
D54: Total + 10% | F54: 43 | H54: Total obra | P54: UBS
C55: CA-50 | D55: Ø8 | E55: 5.85 | F55: 3 | H55: Elemento | I55: Fôrmas | J55: Superfície | K55: Volume | L55: Barras | P55: Elemento | Q55: Fôrmas | R55: Superfície | S55: Volume | T55: Barras
D56: Ø10 | E56: 324.37 | F56: 220 | I56: (m²) | J56: (m²) | K56: (m³) | L56: (kg) | Q56: (m²) | R56: (m²) | S56: (m³) | T56: (kg)
D57: Ø12.5 | E57: 299 | F57: 317 | H57: Lajes de vigotas | I57: - | J57: 467.5 | K57: 31 | L57: 813.45 | Q57: =I61*0.6 -> 477.948 | R57: =J61*0.6 -> 414.69 | S57: =K61*0.6 -> 65.124 | T57: =L61*0.6 -> 5286.87
D58: Ø25 | E58: 116.74 | F58: 495 | H58: Lajes maciças | I58: - | J58: 60.69 | K58: 6 | L58: 489
D59: Total + 10% | F59: 1035 | H59: Vigas | I59: =492.29+I42+I34 -> 580.58 | J59: =142.06+J34+J42 -> 162.96 | K59: 60.64 | L59: =4476+L34+L42 -> 5876
H60: Pilares | I60: 216 | J60: - | K60: 10.9 | L60: 1633 | P60: DENTISTA
B61: PLATIBANDA 02 | H61: Total | I61: =I59+I60 -> 796.58 | J61: =SUM(J57:J59) -> 691.15 | K61: =SUM(K57:K60) -> 108.54 | L61: =SUM(L57:L60) -> 8811.45 | P61: Elemento | Q61: Fôrmas | R61: Superfície | S61: Volume | T61: Barras
C62: Tipo de aço | D62: Referência | E62: Comprimento (m) | F62: Peso (kg) | H62: Índices (por m²) | I62: - | J62: - | K62: 0.166 | L62: 11.52 | Q62: (m²) | R62: (m²) | S62: (m³) | T62: (kg)
B63: Vigas de concreto | C63: CA-60 | D63: Ø5 | E63: 318.24 | F63: 55 | H63: Superfície total: 614.58 m² | Q63: =I61-Q57 -> 318.632 | R63: =J61-R57 -> 276.46 | S63: =K61-S57 -> 43.416 | T63: =L61-T57 -> 3524.58
D64: Total + 10% | F64: 55
C65: CA-50 | D65: Ø6.3 | E65: 34.76 | F65: 9
D66: Ø8 | E66: 43.27 | F66: 19
D67: Ø10 | E67: 344.61 | F67: 234
D68: Ø12.5 | E68: 4.8 | F68: 5
D69: Total + 10% | F69: 267
B71: Total obra
C72: Tipo de aço | D72: Referência | E72: Comprimento (m) | F72: Peso (kg)
B73: Sapatas isoladas | C73: CA-50 | D73: Ø6.3 | E73: 187.74 | F73: 51
D74: Ø10 | E74: 1235.26 | F74: 837
D75: Ø12.5 | E75: 153.60 | F75: 163
D76: Ø16 | E76: 21.28 | F76: 37
D77: Total + 10% | F77: 1088
B78: Lajes de vigotas | C78: L 283 10x30 6mm | E78: 467.5 | F78: 813.45
B79: Lajes maciças | C79: CA-50 | D79: Ø6.3 | E79: 1300.76 | F79: 350
D80: Ø8 | E80: 240.00 | F80: 104
D81: Ø10 | E81: 52.00 | F81: 35
D82: Total + 10% | F82: 489
B83: Vigas de concreto | C83: CA-60 | D83: Ø5 | E83: =3685.66+E63+E53 -> 4254.28 | F83: =637+F64+F54 -> 735
D84: Total + 10% | F84: =F83 -> 735
C85: CA-50 | D85: Ø6.3 | E85: =269.06+E65 -> 303.82 | F85: =73+F65 -> 82
D86: Ø8 | E86: =166.1+E55+E66 -> 215.22 | F86: =72+F66+F55 -> 94
D87: Ø10 | E87: =2732.68+E56+E67 -> 3401.66 | F87: =1853+F67+F56 -> 2307
D88: Ø12.5 | E88: =641.25+E57+E68 -> 945.05 | F88: =679+F68+F57 -> 1001
D89: Ø16 | E89: 669.41 | F89: 1162
D90: Ø25 | E90: =E58 -> 116.74 | F90: =F58 -> 495
D91: Total + 10% | F91: =SUM(F85:F90) -> 5141
B92: Pilares em concreto | C92: CA-50 | D92: Ø6.3 | E92: 2016.32 | F92: 544
D93: Ø8 | E93: 5.32 | F93: 2
D94: Ø10 | E94: 1225.85 | F94: 830
D95: Ø12.5 | E95: 137.30 | F95: 146
D96: Ø16 | E96: 67.20 | F96: 117
D97: Total + 10% | F97: 1639
